Map: Invader LE

Players

capac - Winner!

  • Race: Terran Terran

A.I. 1 (Elite)

  • Race: Protoss Protoss

VOD

Have the link to the VOD?

Description

Time

  • Played on: March 30, 2016, 1:21 p.m.
  • Length: 14:39
Show
View Real Time Build Order
Export as new Build Order

capac Terran - Winner!

Build Orders:  

Get SALT Encoding   

  12  0:01  SCV  
  13  0:15  SCV  
  13  0:20  Supply Depot  
  14  0:27  SCV  
  15  0:41  SCV  
  16  0:43  Barracks  
  16  0:51  Refinery  
  16  0:53  SCV  
  17  1:05  SCV  
  18  1:18  SCV  
  19  1:30  SCV  
  20  1:37  Command Center  
  20  1:42  SCV  
  20  1:43  Barracks Reactor  
  21  1:49  Supply Depot  
  21  1:56  Orbital Command  
  21  2:16  Barracks  
  21  2:19  Factory  
  21  2:21  Marine  
  21  2:22  Marine  
  23  2:28  Refinery  
  23  2:31  SCV  
  24  2:41  Marine x2  
  24  2:43  SCV  
  27  2:52  Orbital Command  
  27  2:55  SCV  
  28  3:01  Marine x2  
  28  3:05  Factory Tech Lab  
  30  3:07  Barracks Tech Lab, SCV  
  31  3:23  SCV  
  31  3:24  SCV  
  33  3:28  Marine  
  33  3:29  Marine x2  
  33  3:30  Siege Tank  
  39  3:36  Starport  
  39  3:44  SCV  
  39  3:45  SCV  
  39  3:48  Marine x3  
  44  3:56  SCV  
  44  3:57  SCV  
  44  3:59  Refinery  
  44  4:02  Refinery  
  46  4:08  Supply Depot  
  46  4:22  Supply Depot  
  46  4:29  Marine x3, Siege Tank, SCV x2  
  54  4:32  Starport Reactor  
  54  4:37  Supply Depot  
  54  4:44  SCV x2  
  56  4:51  Barracks x2  
  56  4:56  SCV x2  
  58  5:03  Supply Depot  
  58  5:08  SCV x2  
  58  5:10  Siege Tank  
  58  5:11  Marine x2  
  58  5:13  Marine  
  66  5:20  SCV x2  
  68  5:24  Medivac  
  68  5:25  Supply Depot  
  68  5:27  Medivac  
  72  5:33  SCV x2  
  74  5:42  Barracks Reactor  
  74  5:43  Barracks Reactor  
  74  5:44  Marine, Siege Tank  
  74  5:46  Marine x2, SCV  
  81  5:50  Supply Depot  
  81  5:55  Medivac  
  83  5:57  Medivac  
  85  6:08  Marine, Stimpack  
  86  6:11  Marine x2  
  86  6:13  Supply Depot  
  86  6:16  Supply Depot  
  86  6:17  SCV x2  
  90  6:22  Siege Tank  
  93  6:35  Medivac x2  
  97  6:42  SCV  
  97  6:43  Marine x5, SCV  
  97  6:44  Marine x2  
  106  7:01  Marine x4  
  107  7:06  Supply Depot  
  107  7:08  Siege Tank  
  113  7:09  Supply Depot  
  113  7:21  Marine  
  113  7:22  Marine x4  
  118  7:25  Liberator x2  
  118  7:27  Marine x2  
  118  7:29  Supply Depot  
  120  7:31  Supply Depot  
  120  7:40  Siege Tank  
  129  7:55  Marine x4  
  129  7:56  Marine x2  
  129  7:58  Supply Depot  
  126  8:12  Siege Tank  
  113  8:17  Marine x5  
  116  8:30  Marine  
  116  8:31  Marine  
  118  8:35  Barracks, Marine x2  
  118  8:36  Supply Depot  
  120  8:42  Command Center  
  120  8:48  Liberator x2  
  120  8:58  Marine  
  120  8:59  Marine x6  
  127  9:06  Supply Depot  
  127  9:50  Marine x3  
  127  9:51  Marine x3  
  119  10:16  Marine  
  119  10:17  Siege Tank  
  96  10:56  Marine x6  
  92  11:29  Marine x4  
  92  11:30  Marine x3  
  99  11:38  Orbital Command  
  98  11:47  Marine x3  
  101  12:08  Refinery  
  101  12:09  Refinery  
  101  12:13  Orbital Command  
  101  12:23  Medivac x2  
  102  13:31  Medivac  
  102  13:32  Siege Tank, Medivac  
  102  13:33  Marine x5  
  102  13:34  Marine x2  
  116  13:51  Marine x6  
  116  13:52  Refinery  
  116  13:54  Refinery  
  119  14:04  Siege Tank  
Show
View Real Time Build Order
Export as new Build Order

A.I. 1 (Elite) Protoss 

Build Orders: Zealot Archon 

Get SALT Encoding   

  12  0:01  Probe (Chrono Boost)  
  13  0:11  Probe (Chrono Boost)  
  14  0:20  Pylon  
  14  0:22  Probe (Chrono Boost)  
  15  0:38  Probe (Chrono Boost)  
  16  0:47  Assimilator  
  16  0:49  Probe (Chrono Boost)  
  17  0:51  Gateway  
  17  0:59  Probe (Chrono Boost)  
  17  1:01  Pylon  
  18  1:10  Probe (Chrono Boost)  
  19  1:20  Probe (Chrono Boost)  
  20  1:31  Probe (Chrono Boost)  
  21  1:37  Zealot, Gateway  
  23  1:42  Cybernetics Core  
  23  1:43  Probe (Chrono Boost)  
  24  1:47  Pylon  
  25  1:54  Probe (Chrono Boost)  
  25  2:02  Zealot  
  25  2:05  Probe (Chrono Boost)  
  28  2:12  Assimilator  
  28  2:16  Warp Gate  
  28  2:17  Probe (Chrono Boost)  
  29  2:22  Adept  
  29  2:28  Adept  
  29  2:29  Probe (Chrono Boost)  
  34  2:37  Pylon  
  34  2:41  Probe (Chrono Boost)  
  35  2:48  Adept  
  37  2:53  Probe (Chrono Boost)  
  37  2:55  Sentry  
  40  3:04  Probe (Chrono Boost)  
  41  3:16  Probe (Chrono Boost)  
  41  3:17  Nexus  
  42  3:23  Stalker  
  44  3:29  Probe (Chrono Boost)  
  45  3:41  Probe (Chrono Boost)  
  46  3:42  Robotics Facility  
  46  3:52  Probe (Chrono Boost)  
  46  3:55  Pylon  
  47  4:14  Probe (Chrono Boost)  
  48  4:17  Adept  
  48  4:18  Adept  
  52  4:25  Probe (Chrono Boost)  
  52  4:29  Probe (Chrono Boost), Immortal  
  54  4:37  Probe (Chrono Boost)  
  59  4:40  Stalker  
  59  4:41  Probe (Chrono Boost)  
  62  4:47  Pylon  
  62  4:48  Probe (Chrono Boost)  
  62  4:52  Probe (Chrono Boost)  
  64  4:54  Stalker  
  67  5:00  Probe (Chrono Boost)  
  67  5:03  Probe (Chrono Boost)  
  67  5:07  Robotics Facility  
  68  5:09  Stalker  
  68  5:11  Probe (Chrono Boost)  
  72  5:14  Immortal  
  72  5:15  Probe (Chrono Boost)  
  77  5:22  Probe (Chrono Boost)  
  77  5:26  Probe (Chrono Boost)  
  77  5:27  Twilight Council  
  78  5:30  Pylon  
  78  5:43  Assimilator  
  78  5:48  Probe (Chrono Boost)  
  78  5:49  Gateway  
  79  5:52  Pylon  
  79  5:59  Assimilator  
  79  6:06  Pylon  
  79  6:07  Probe x2 (Chrono Boost)  
  79  6:10  Zealot  
  83  6:17  Pylon  
  83  6:23  Probe x2 (Chrono Boost)  
  85  6:29  Nexus  
  85  6:30  Templar Archives  
  85  6:31  Stalker  
  85  6:32  Forge  
  87  6:34  Probe (Chrono Boost)  
  87  6:35  Stalker  
  90  6:43  Stalker  
  92  6:49  Pylon  
  92  6:52  Stalker  
  94  6:57  Sentry  
  94  7:01  Protoss Ground Weapons Level 1  
  96  7:04  Forge  
  96  7:06  High Templar  
  98  7:08  Observer  
  98  7:13  High Templar  
  98  7:15  Photon Cannon  
  101  7:17  Photon Cannon  
  101  7:22  Photon Cannon  
  101  7:24  Stalker  
  101  7:26  Archon  
  103  7:33  Protoss Ground Armor Level 1, Pylon  
  103  7:37  High Templar  
  105  7:40  Gateway  
  105  7:43  Probe (Chrono Boost)  
  105  7:44  Probe x2 (Chrono Boost)  
  108  7:50  Assimilator  
  108  7:52  Zealot x2  
  108  7:55  Probe x2 (Chrono Boost)  
  108  7:56  Probe (Chrono Boost)  
  114  8:00  Nexus  
  109  8:06  Probe (Chrono Boost)  
  109  8:07  Zealot, Assimilator  
  109  8:10  Zealot  
  109  8:12  High Templar  
  103  8:15  Probe x2 (Chrono Boost)  
  103  8:17  Probe (Chrono Boost)  
  102  8:26  Probe (Chrono Boost), Sentry  
  106  8:27  Pylon  
  106  8:28  Probe (Chrono Boost)  
  106  8:29  Probe (Chrono Boost), High Templar  
  109  8:37  Zealot  
  109  8:39  Probe (Chrono Boost)  
  109  8:40  Probe (Chrono Boost)  
  114  8:41  Probe (Chrono Boost)  
  114  8:42  Stalker  
  116  8:49  Zealot  
  116  8:50  Probe (Chrono Boost)  
  116  8:51  Probe (Chrono Boost)  
  120  8:56  Zealot  
  120  8:59  Nexus  
  120  9:00  Sentry  
  122  9:04  Stalker  
  122  9:08  High Templar  
  122  9:15  Zealot  
  122  9:22  Zealot  
  120  9:32  Probe (Chrono Boost)  
  120  9:33  Probe (Chrono Boost)  
  120  9:34  Probe (Chrono Boost)  
  122  9:39  Stalker  
  122  9:42  Stalker  
  122  9:43  Probe (Chrono Boost)  
  122  9:44  Probe (Chrono Boost)  
  124  9:47  Probe (Chrono Boost), Pylon  
  124  9:50  Stalker  
  124  9:52  Zealot  
  115  9:55  Probe (Chrono Boost)  
  115  9:56  Probe (Chrono Boost)  
  111  10:00  Zealot  
  111  10:03  Zealot  
  111  10:11  High Templar, Sentry  
  111  10:13  Assimilator  
  111  10:15  Assimilator  
  111  10:18  Zealot  
  111  10:19  Immortal  
  111  10:22  Zealot  
  111  10:27  Immortal  
  117  10:32  Zealot  
  121  10:37  Zealot  
  121  10:40  Stalker  
  121  10:41  Zealot, Pylon  
  109  10:48  Probe (Chrono Boost)  
  108  10:50  Probe x2 (Chrono Boost)  
  108  10:53  Pylon  
  108  10:55  Adept  
  100  10:59  Probe (Chrono Boost), Zealot  
  100  11:01  Sentry, Pylon  
  100  11:02  Probe (Chrono Boost)  
  100  11:03  Probe (Chrono Boost)  
  86  11:14  Zealot  
  86  11:16  Probe x2 (Chrono Boost), Stargate  
  86  11:18  Zealot  
  83  11:23  Sentry  
  83  11:24  Probe (Chrono Boost)  
  81  11:27  Probe x2 (Chrono Boost)  
  66  11:33  High Templar  
  66  11:35  Probe (Chrono Boost)  
  66  11:37  Probe (Chrono Boost), Adept  
  67  11:44  Stalker  
  55  11:48  Probe (Chrono Boost)  
  55  11:51  Probe x2 (Chrono Boost)  
  43  11:56  Zealot  
  43  11:58  Templar Archives  
  43  11:59  Phoenix  
  43  12:00  Probe (Chrono Boost)  
  45  12:03  Zealot  
  45  12:06  Sentry  
  47  12:15  Zealot  
  49  12:22  Stalker  
  48  12:36  Probe (Chrono Boost)  
  41  12:37  High Templar  
  41  12:44  Probe (Chrono Boost)  
  43  12:47  Probe (Chrono Boost)  
  44  12:56  Nexus  
  34  13:08  High Templar  
  26  13:15  High Templar  
  24  13:22  High Templar  
  13  13:42  Probe (Chrono Boost)  
  13  13:44  High Templar  
  13  13:46  Probe (Chrono Boost)  
  12  13:54  Probe (Chrono Boost)  
  6  14:05  Probe (Chrono Boost)  
  2  14:15  Probe (Chrono Boost)  
Tags
 
Add a new tag
Caveats
  • Supply blocks, unpowered buildings, or Contaminate may cause inaccurate times.
  • Supply counts are checked every 10 seconds.